 Dungeon Sprint DCSS version 0.26.1-11-gd32895ea62 (webtiles) character file.

Game seed: 9092821140380133684

1258 Dadi the Bludgeoner (level 8, 0/136 HPs)
             Began as a Minotaur Berserker on July 27, 2021.
             Was an Elder of Trog.
             Slain by a demonic crawler (4 damage)
             ... in the Dungeon (Sprint I: "Red Sonja").
             The game lasted 00:02:27 (916 turns).

Dadi the Bludgeoner (Minotaur Berserker)             Turns: 916, Time: 00:02:28

Health: 0/136      AC:  3    Str: 24    XL:     8   Next: 27%
Magic:  7/7        EV: 12    Int:  4    God:    Trog [****..]
Gold:   112        SH:  0    Dex: 10    Spells: 7/7 levels left

rFire    x . .     SeeInvis +   a - +0 mace
rCold    . . .     Faith    .   (no shield)
rNeg     . . .     Spirit   .   j - +0 leather armour of the Forest {rPois rF- Slay+4 SInv} (curse)
rPois    +         Reflect  .   (helmet restricted)
rElec    .         Harm     .   (no cloak)
rCorr    .         Rampage  .   (no gloves)
Will     .....     NoTele   +   (no boots)
Stlth    ..........             (no amulet)
HPRegen  0.32/turn              (no ring)
MPRegen  0.10/turn              (no ring)

@: berserking, very quick
A: retaliatory headbutt, horns 2
a: Renounce Religion, Berserk, Trog's Hand, Brothers in Arms


You were in the Dungeon.
You worshipped Trog.
Trog was greatly pleased with you.
You visited 1 branch You collected 426 gold pieces.
You spent 314 gold pieces at shops.


Innate Abilities, Weirdness & Mutations

You reflexively headbutt those who attack you in melee.
You have a pair of horns on your head.


   Skills:
 + Level 15.0 Fighting
 + Level 15.0 Maces & Flails
 - Level 2.4 Armour
 - Level 2.1 Dodging


You had 7 spell levels left.
You didn't know any spells.
Your spell library was empty.

Inventory:

Hand Weapons
 a - a +0 mace (weapon)
Armour
 b - a +0 animal skin
 i - a +0 ring mail
   (You took it off Ijyb in the Dungeon)
 j - the cursed +0 leather armour of the Forest (worn) {rPois rF- Slay+4 SInv}
   (You bought it in a shop in the Dungeon)

   It affects your accuracy and damage with ranged weapons and melee attacks
   (+4).
   It makes you vulnerable to fire.
   It protects you from poison.
   It lets you see invisible.
   It has a curse placed upon it.
Scrolls
 h - a scroll of blinking {!r}
Potions
 c - a potion of curing {@q1}
 d - a potion of heal wounds {@q2}
 e - a potion of haste {@q3}
 f - 2 potions of magic
 g - a potion of berserk rage {!q}

Dungeon Overview and Level Annotations

Branches:
Dungeon (1/1)

Altars:
Cheibriados
Dithmenos
Elyvilon
Fedhas
Gozag
Hepliaklqana
Kikubaaqudgha
Makhleb
Nemelex Xobeh
Okawaru
Qazlal
Ru
Sif Muna
Trog
Uskayaw
Vehumet
Wu Jian
Xom
Yredelemnul
Zin
The Shining One
Jiyva
Lugonu

Shops:
D

[ ###################
..#..'..#__#..')..#
..').#..'..'..#.@s##+#
#'#####'#__####...ss.#
..#...#.#### #####s.+
###..##.# ## __##'#_.+
...'..._# __##_.#+#
__###+# ###


You could see 4 demonic crawlers.


Message History

Trog accepts your kill.
Trog appreciates your killing of a magic user.
You can now call in reinforcements.
The ufetubus disappears in a puff of smoke!
Your Fighting skill increases to level 15!
Your Maces & Flails skill increases to level 15!
You have reached level 8!
You feel agile. 😕 HP[+13] MP[+1]
You now have 136 max hp (+13).
You regained 13 hp, and now have 133/136 hp.
Your mp is fully restored (7).
You feel a strong urge to attack something.
You are no longer berserk.
You are exhausted.
You feel yourself slow down. 😕 HP[-44]
You now have 91 max hp (-45).
You start resting. 😎 HP[+2]
Your hp is fully restored (91).
You start waiting.
You feel yourself speed up.
You recover from your berserk rage.
Done waiting.
You open the door. 4 demonic crawlers come into view.
The demonic crawler gives a hideous shriek! x3
Non-targeted abil: Berserk
Press: ? - help, Q - select action, (/) - cycle Dir - look around, f - activate A red film seems to cover your vision as you go berserk!
You feel yourself moving faster!
You feel mighty!
The demonic crawler hits you but does no damage.
The demonic crawler hits you. x2; The demonic crawler hits you!
The demonic crawler hits you.
The demonic crawler hits you but does no damage. 😕 HP[+22]
You now have 136 max hp (+45).
You regained 22 hp, and now have 113/136 hp.
You completely miss the demonic crawler.
The demonic crawler hits you but does no damage.
The demonic crawler hits you.
The demonic crawler misses you. 😕 HP[-1]
You take 1 damage, and now have 112/136 hp.
You thump the demonic crawler!
The demonic crawler hits you but does no damage.
The demonic crawler hits you! x2 😮 HP[-16]
You take 16 damage, and now have 96/136 hp.
You sock the demonic crawler! The demonic crawler closely misses you.
The demonic crawler hits you! The demonic crawler hits you.
The demonic crawler hits you but does no damage.
The demonic crawler hits you! The demonic crawler hits you. 😮 HP[-25]
You take 25 damage, and now have 71/136 hp.
You sock the demonic crawler!
Your headbutt misses the demonic crawler.
You barely miss the demonic crawler. You headbutt the demonic crawler.
The demonic crawler hits you!
* * * LOW HITPOINT WARNING * * *
The demonic crawler hits you!
* * * LOW HITPOINT WARNING * * *
The demonic crawler barely misses you. The demonic crawler hits you.
* * * LOW HITPOINT WARNING * * *
The demonic crawler hits you but does no damage.
The demonic crawler hits you.
* * * LOW HITPOINT WARNING * * *
😨 HP[-27]
You take 27 damage, and now have 44/136 hp.
You are too injured to fight recklessly!
You sock the demonic crawler! The demonic crawler hits you!
* * * LOW HITPOINT WARNING * * *
The demonic crawler closely misses you. The demonic crawler barely misses you.
The demonic crawler closely misses you. You furiously retaliate!
You headbutt the demonic crawler.
The demonic crawler hits you but does no damage.
The demonic crawler hits you.
* * * LOW HITPOINT WARNING * * *
😱 HP[-11]
You take 11 damage, and now have 33/136 hp.
You sock the demonic crawler!
You are too berserk!
You completely miss the demonic crawler.
The demonic crawler hits you.
* * * LOW HITPOINT WARNING * * *
The demonic crawler hits you.
* * * LOW HITPOINT WARNING * * *
The demonic crawler hits you.
* * * LOW HITPOINT WARNING * * *
The demonic crawler hits you but does no damage.
The demonic crawler hits you!
* * * LOW HITPOINT WARNING * * *
The demonic crawler hits you!
* * * LOW HITPOINT WARNING * * *
😱 HP[-29]
You take 29 damage, and now have 4/136 hp.
MASSIVE DAMAGE!! (PAUSE)
The demonic crawler closely misses you. The demonic crawler hits you.
You die...

Skill      XL: |  1  2  3  4  5  6  7 |
---------------+----------------------+-----
Fighting       | 6 8 10 11 13 15 | 15.0
Maces & Flails | 6 8 10 11 13 15 | 15.0
Armour         | |  2.4
Dodging        | |  2.1

Action                   |  1- 3 |  4- 6 |  7- 9 || total
-------------------------+-------+-------+-------++-------
Melee: Mace              |    12 |    12 |    19 ||    43
       Headbutt          |     1 |     5 |     2 ||     8
Invok: Berserk           |     2 |     4 |     2 ||     8
Armor: Animal skin       |     1 |       |       ||     1
       Leather armour    |       |       |     9 ||     9
Dodge: Dodged            |     6 |     5 |    14 ||    25

Levels and vault maps discovered:
D:        dungeon_sprint_1 [red_sonja_temple_1, red_sonja_temple_small_1]

Notes
Turn   | Place    | Note
-------+----------+-------------------------------------------
     0 | D        | Dadi the Minotaur Berserker began the quest for the Orb.
     0 | D        | Reached XP level 1. HP: 19/19 MP: 0/0
     0 | D        | magus.rc [v1.10.3.2021-6-05.01:30:15PM]
     1 | D        | Noticed Ijyb
    10 | D        | Killed Ijyb
    11 | D        | Reached skill level 6 in Fighting
    11 | D        | Reached skill level 6 in Maces & Flails
    11 | D        | Reached XP level 2. HP: 30/30 MP: 1/1
   124 | D        | Noticed an ogre
   130 | D        | Killed an ogre
   131 | D        | Reached skill level 8 in Fighting
   131 | D        | Reached skill level 8 in Maces & Flails
   131 | D        | Reached XP level 3. HP: 41/41 MP: 2/2
   131 | D        | Reached XP level 4. HP: 49/49 MP: 3/3
   241 | D        | Noticed Sigmund
   247 | D        | Killed Sigmund
   247 | D        | Reached ** piety under Trog
   248 | D        | Reached skill level 10 in Fighting
   248 | D        | Reached skill level 10 in Maces & Flails
   248 | D        | Reached XP level 5. HP: 59/59 MP: 4/4
   360 | D        | Found an ornate altar of the Wu Jian Council.
   360 | D        | Found a shimmering blue altar of Sif Muna.
   362 | D        | Found a radiant altar of Vehumet.
   366 | D        | Reached skill level 11 in Fighting
   366 | D        | Reached skill level 11 in Maces & Flails
   366 | D        | Reached XP level 6. HP: 68/68 MP: 5/5
   487 | D        | Found Rieg's Armour Emporium.
   487 | D        | Found an ancient bone altar of Kikubaaqudgha.
   487 | D        | Found a hazy altar of Hepliaklqana.
   487 | D        | Found a stormy altar of Qazlal.
   487 | D        | Found a hide-covered altar of Uskayaw.
   487 | D        | Found a blossoming altar of Fedhas.
   487 | D        | Found a bloodstained altar of Trog.
   487 | D        | Found an iron altar of Okawaru.
   487 | D        | Found a basalt altar of Yredelemnul.
   487 | D        | Found a glowing golden altar of the Shining One.
   487 | D        | Found a snail-covered altar of Cheibriados.
   487 | D        | Found a sacrificial altar of Ru.
   487 | D        | Found a glowing silver altar of Zin.
   487 | D        | Found a shadowy altar of Dithmenos.
   487 | D        | Found a white marble altar of Elyvilon.
   487 | D        | Noticed a yak
   490 | D        | Killed a yak
   491 | D        | Reached skill level 12 in Fighting
   491 | D        | Reached skill level 12 in Maces & Flails
   491 | D        | Found an opulent altar of Gozag.
   492 | D        | Found a sparkling altar of Nemelex Xobeh.
   596 | D        | Bought the cursed +0 leather armour of the Forest {rPois
                  | rF- Slay+4 SInv} for 314 gold pieces
   618 | D        | Found a viscous altar of Jiyva.
   618 | D        | Found a corrupted altar of Lugonu.
   618 | D        | Noticed a slime creature
   619 | D        | Found a burning altar of Makhleb.
   619 | D        | Found a shimmering altar of Xom.
   624 | D        | Killed a slime creature
   625 | D        | Reached skill level 13 in Fighting
   625 | D        | Reached skill level 13 in Maces & Flails
   625 | D        | Reached XP level 7. HP: 63/79 MP: 6/6
   785 | D        | Noticed a kobold demonologist
   785 | D        | Noticed a kobold demonologist
   787 | D        | Reached *** piety under Trog
   792 | D        | Killed a kobold demonologist
   793 | D        | Reached skill level 14 in Fighting
   793 | D        | Reached skill level 14 in Maces & Flails
   798 | D        | Killed a kobold demonologist
   798 | D        | Reached **** piety under Trog
   799 | D        | Reached skill level 15 in Fighting
   799 | D        | Reached skill level 15 in Maces & Flails
   799 | D        | Reached XP level 8. HP: 91/91 MP: 7/7
   906 | D        | Noticed a demonic crawler
   906 | D        | Noticed a demonic crawler
   906 | D        | Noticed a demonic crawler
   906 | D        | Noticed a demonic crawler
   913 | D        | HP: 33/136 [demonic crawler (3)]
   915 | D        | HP: 13/136 [demonic crawler (12)]
   915 | D        | HP: 4/136 [demonic crawler (9)]
   916 | D        | Slain by a demonic crawler

Vanquished Creatures
  2 kobold demonologists (D)
  A slime creature (D)
  Sigmund (D)
  A yak (D)
  A floating eye (D)
  An ogre (D)
  A jelly (D)
  Ijyb (D)
9 creatures vanquished.

Table legend:
 A = Non-vault XP
 B = Vault XP
 C = Vault XP percentage of total XP
 D = Non-vault monster count
 E = Vault monster count
 F = Vault count percentage of total count
                 A         B        C        D         E       F
            +---------+---------+-------+---------+---------+-------
      Total |       0 |    1798 | 100.0 |       0 |       9 | 100.0
            +---------+---------+-------+---------+---------+-------
          D |       0 |    1798 | 100.0 |       0 |       9 | 100.0
            +---------+---------+-------+---------+---------+-------

Illustrated notes

Table legend:
 A = Kills in this place as a percentage of kills in entire the game.
 B = Kills by you in this place as a percentage of kills by you in the entire game.
 C = Kills by friends in this place as a percentage of kills by friends in the entire game.
 D = Other kills in this place as a percentage of other kills in the entire game.
 E = Experience gained in this place as a percentage of experience gained in the entire game.
 F = Experience gained in this place divided by the number of levels of this place that you have seen.
                   A       B       C       D       E      F
               +-------+-------+-------+-------+-------+----------------------
         Total | 100.0 | 100.0 |   N/A |   N/A | 100.0 | 1798.0
       Dungeon | 100.0 | 100.0 |   N/A |   N/A | 100.0 | 1798.0
               +-------+-------+-------+-------+-------+----------------------

Table legend: (Time is in decaauts)
 A = Elapsed time spent in this place.
 B = Non-inter-level travel time spent in this place.
 C = Inter-level travel time spent in this place.
 D = Time resting spent in this place.
 E = Time spent auto-exploring this place.
 F = Levels seen in this place.
 G = Mean time per level.
                   A        B        C        D        E       F      G
               +--------+--------+--------+--------+--------+-----+--------+
         Total |    978 |    978 |      0 |    824 |      0 |   1 |  978.0 |
       Dungeon |    978 |    978 |      0 |    824 |      0 |   1 |  978.0 |
               +--------+--------+--------+--------+--------+-----+--------+

Top non-repeatable levels by time:
       D: 978 daAuts
